 Dungeon Crawl Stone Soup version 0.31-a0-1-g4198be8af4 (webtiles) character file.

Game seed: 2202216029531544627

1087 Lobster4 the Trooper (level 8, -2/70 HPs)
             Began as a Hill Orc Fighter on May 2, 2023.
             Was a Follower of Qazlal.
             Slain by an ogre
             ... wielding a +0 giant spiked club
              (23 damage)
             ... on level 5 of the Dungeon.
             The game lasted 00:10:17 (4655 turns).

Lobster4 the Trooper (Hill Orc Fighter)             Turns: 4655, Time: 00:10:18

Health: -2/70      AC:  8    Str: 21    XL:     8   Next: 30%
Magic:  11/11      EV:  9    Int:  8    God:    Qazlal [*.....]
Gold:   52         SH:  6    Dex: 10    Spells: 7/7 levels left

rFire   . . .        a - +0 war axe
rCold   . . .        c - +0 buckler
rNeg    . . .        b - +0 scale mail
rPois   .            (no helmet)
rElec   .            (no cloak)
rCorr   .            (no gloves)
SInv    .            h - +0 pair of boots
Will    .....        (no amulet) Stlth
                     (no ring)
HPRegen 0.31/turn    (no ring)
MPRegen 0.12/turn

%: no passive effects
@: mighty
A: no striking features
a: Renounce Religion


You were on level 5 of the Dungeon.
You worshipped Qazlal.
Qazlal was aware of your devotion.
You visited 2 branches of the dungeon, and saw 6 of its levels.

You collected 337 gold pieces.
You spent 285 gold pieces at shops.

Inventory:

Hand Weapons
 a - a +0 war axe (weapon)
 j - a +3 whip
Missiles
 e - 42 stones (quivered)
 m - a boomerang
Armour
 b - a +0 scale mail (worn)
 c - a +0 buckler (worn)
 h - a +0 pair of boots (worn)
Jewellery
 i - an amulet of magic regeneration
 q - a ring of ice
Scrolls
 f - 3 scrolls of amnesia
 p - 3 scrolls of magic mapping
 s - a scroll of torment {unknown}
 t - 3 scrolls of teleportation
 w - a scroll of summoning {unknown}
 x - a scroll of silence
 y - a scroll of immolation
 A - a scroll of vulnerability {unknown}
 B - a scroll of enchant armour {unknown}
Potions
 d - a potion of might
 g - a potion of resistance
 k - 5 potions of heal wounds {unknown}
 l - 2 potions of brilliance {unknown}
 n - a potion of haste
 o - a potion of cancellation
 r - a potion of lignification {unknown}
 u - 2 potions of flight {unknown}
 v - 2 potions of mutation {unknown}
 z - a potion of curing


   Skills:
 + Level 6.0 Fighting
 + Level 5.9 Axes
 - Level 3.0 Throwing
 + Level 5.5 Armour
 + Level 5.3 Shields
 + Level 4.4 Invocations


You had 7 spell levels left.
You didn't know any spells.
Your spell library contained the following spells:

 Spells                   Type           Power      Damage    Failure   Level
 Portal Projectile        Hex/Tloc       0%         N/A       99%         3
 Yara's Violent Unravell  Hex/Tmut       0%         3d3       100%        5
 Ignition                 Fire           0%         3d3       100%        8


Dungeon Overview and Level Annotations

Branches:
Dungeon (5/15)             Temple (1/1) D:4

Altars:
Ashenzari
Cheibriados
Dithmenos
Elyvilon
Fedhas
Kikubaaqudgha
Makhleb
Nemelex Xobeh
Okawaru
Qazlal
Sif Muna
Trog
Uskayaw
Vehumet
Wu Jian
The Shining One

Shops:
D:1 ?


Message History

You feel very mighty all of a sudden. The yak gores you!
You slash the yak!
The yak is lightly wounded.
The yak gores you.
You slash the yak!
The yak is heavily wounded.
The yak gores you but does no damage.
You slash the yak!
The yak is severely wounded.
The yak gores you. The yak gores you but does no damage.
You slash the yak!
You kill the yak!
Qazlal accepts your kill.
Training target 3.0 for Throwing reached!
Your Throwing skill increases to level 3!
There is a stone staircase leading up here.
Found a robe and 5 stones.
e - 42 stones (gained 5)
Found a worn copper wand.
A scorpion comes into view.
Found a trident.
An ogre comes into view. It is wielding a +0 giant spiked club.
The ogre shouts!
You block the scorpion's attack. The scorpion closely misses you.
You slash the scorpion!
The scorpion is almost dead.
You block the scorpion's attack.
You slash the scorpion!
You kill the scorpion!
Qazlal accepts your kill.
Your Fighting skill increases to level 6!
You slash the ogre!
The ogre is moderately wounded.
The ogre hits you with a +0 giant spiked club!!
* * * LOW HITPOINT WARNING * * *
You completely miss the ogre.
The ogre is moderately wounded.
The ogre hits you with a +0 giant spiked club!!
You die...

## #...[.........
#......#####+#.#
#......#####+#.#.
#.#................
#.................#
#######...........+
#...........#
#.....§.....#
#....@O...).#
#......°†.....#
#../..........#
#.....#########
#.....# #.....#
#..... #....


You could see an ogre.

Vanquished Creatures
  3 yaks (D:5)
  2 phantoms
  3 scorpions
  2 hounds (D:5)
  A jelly (D:5)
  A gnoll bouda (D:4)
  An iguana (D:5)
  An orc wizard (D:5)
  8 adders
  A gnoll (D:4)
  3 worms
  A dart slug (D:4)
  4 orcs (D:5)
  3 endoplasms
  3 giant cockroaches
  7 goblins
  5 hobgoblins
  6 jackals
  A quokka (D:5)
  6 ball pythons
  2 bats (D:2)
  A frilled lizard (D:2)
  9 kobolds
  4 rats
  2 butterflies (D:4)
80 creatures vanquished.

Vanquished Creatures (others)
  A plant (D:4)
1 creature vanquished.

Grand Total: 81 creatures vanquished

Notes
Turn   | Place    | Note
-------+----------+-------------------------------------------
     0 | D:1      | Lobster4 the Hill Orc Fighter began the quest for the Orb.
     0 | D:1      | Reached XP level 1. HP: 19/19 MP: 1/1
    33 | D:1      | Found Betesyho's Magic Scroll Shop.
   133 | D:1      | Reached XP level 2. HP: 27/27 MP: 2/2
  1261 | D:1      | Bought a scroll of noise for 13 gold pieces
  1293 | D:2      | Reached skill level 4 in Fighting
  1293 | D:2      | Reached XP level 3. HP: 12/33 MP: 3/3
  2164 | D:1      | Bought a scroll of magic mapping for 97 gold pieces
  2345 | D:3      | Got the Almanac of Conflagrant Beguiling
  2468 | D:3      | Found a sparkling altar of Nemelex Xobeh.
  2471 | D:3      | Found a snail-covered altar of Cheibriados.
  2471 | D:3      | Found a shadowy altar of Dithmenos.
  2471 | D:3      | Found a glowing golden altar of the Shining One.
  2472 | D:3      | Found a shimmering blue altar of Sif Muna.
  2473 | D:3      | Found a stormy altar of Qazlal.
  2475 | D:3      | Found a white marble altar of Elyvilon.
  2476 | D:3      | Found a broken altar of Ashenzari.
  2485 | D:3      | Became a worshipper of Qazlal Stormbringer
  2544 | D:3      | Reached skill level 1 in Throwing
  2544 | D:3      | Reached XP level 4. HP: 31/40 MP: 4/4
  2995 | D:4      | Noticed a scorpion
  3149 | D:4      | Killed a scorpion
  3150 | D:4      | Reached skill level 1 in Invocations
  3150 | D:4      | Reached XP level 5. HP: 35/47 MP: 4/6
  3214 | D:4      | Reached XP level 6. HP: 53/53 MP: 7/7
  3525 | D:4      | Found a staircase to the Ecumenical Temple.
  3534 | Temple   | Entered the Ecumenical Temple
  3621 | D:1      | Bought a scroll of silence for 123 gold pieces
  3621 | D:1      | Bought a scroll of immolation for 52 gold pieces
  3686 | D:5      | Entered Level 5 of the Dungeon
  3707 | D:5      | Reached skill level 5 in Fighting
  3796 | D:5      | Noticed a yak
  3796 | D:5      | Noticed a yak
  3796 | D:5      | Noticed a yak
  3805 | D:5      | Killed a yak
  3806 | D:5      | Reached skill level 5 in Axes
  3806 | D:5      | Reached XP level 7. HP: 41/61 MP: 9/9
  3811 | D:5      | Killed a yak
  4044 | D:5      | Reached * piety under Qazlal
  4060 | D:5      | Reached skill level 5 in Armour
  4068 | D:5      | Reached skill level 5 in Shields
  4341 | D:5      | Reached XP level 8. HP: 70/70 MP: 9/11
  4622 | D:5      | Killed a yak
  4654 | D:5      | Reached skill level 6 in Fighting
  4655 | D:5      | Slain by an ogre

Illustrated notes

Levels and vault maps discovered:
D:1:      roderic_dead_forest, layout_basic, serial_shops, shop_scrolls
D:2:      layout_loops_ring
D:3:      layout_loops_cross, minitemple, hangedman_decor_opposing
D:4:      layout_gridville, minmay_temple_entry_overgrown, minivault_19,
          hangedman_glass_garden, minmay_fractal_squares_diagonal_5
D:5:      layout_basic, dk_rats_in_the_wall
Temple:   nicolae_temple_cloud_nine

Skill      XL: |  1  2  3  4  5  6  7  8 |
---------------+-------------------------+-----
Axes           | 3 4 5 |  5.9
Fighting       | 4 5 6 |  6.0
Throwing       | 1 2 3 |  3.0
Armour         | 4 5 |  5.5
Shields        | 4 5 |  5.3
Invocations    | 1 2 3 4 |  4.4

Action                     |  1- 3 |  4- 6 |  7- 9 || total
---------------------------+-------+-------+-------++-------
  Melee: War axe           |   113 |    90 |    67 ||   270
    Use: Scroll            |     1 |     5 |     2 ||     8
         Potion            |       |     2 |     1 ||     3
 Armour: Scale mail        |    51 |    48 |    33 ||   132
  Dodge: Dodged            |    64 |    50 |    29 ||   143
  Block: Buckler           |    23 |    28 |    16 ||    67

Table legend: (Time is in decaauts)
 A = Elapsed time spent in this place.
 B = Non-inter-level travel time spent in this place.
 C = Inter-level travel time spent in this place.
 D = Time resting spent in this place.
 E = Time spent auto-exploring this place.
 F = Levels seen in this place.
 G = Mean time per level.
                   A        B        C        D        E       F      G
               +--------+--------+--------+--------+--------+-----+--------+
         Total |   4751 |   4335 |    416 |    325 |   3163 |   6 |  791.8 |
       Dungeon |   4749 |   4333 |    416 |    325 |   3163 |   5 |  949.8 |
        Temple |      1 |      1 |      0 |      0 |      0 |   1 |    1.0 |
               +--------+--------+--------+--------+--------+-----+--------+

Top non-repeatable levels by time:
     D:1: 1433 daAuts
     D:3: 860 daAuts
     D:2: 836 daAuts
     D:5: 810 daAuts
     D:4: 809 daAuts
  Temple: 1 daAuts
